Map: Dusk Towers

Players

Subterfuge - Winner!

  • Race: Terran Terran
  • League: Silver
  • Spawn Location: 7:00

Fropez

  • Race: Protoss Protoss
  • League: Silver
  • Spawn Location: 1:00

VOD

Have the link to the VOD?

Description

Time

  • Played on: June 2, 2016, 12:54 p.m.
  • Length: 9:02
Show
View Real Time Build Order
Export as new Build Order

Subterfuge Terran - Winner!

Build Orders: MMM Bio 

Get SALT Encoding   

  12  0:01  SCV  
  13  0:13  SCV  
  14  0:24  Refinery  
  14  0:28  SCV  
  15  0:30  Supply Depot  
  15  0:51  SCV  
  15  0:54  Barracks  
  16  0:59  Barracks  
  16  1:04  SCV  
  17  1:16  SCV  
  17  1:17  Refinery  
  18  1:29  SCV  
  18  1:31  Supply Depot  
  19  1:41  SCV  
  20  1:50  Reaper x2  
  20  1:53  SCV  
  23  2:01  Barracks  
  23  2:06  SCV  
  24  2:18  SCV  
  25  2:39  Reaper x2  
  27  2:48  Command Center  
  27  2:51  Marine  
  28  2:52  SCV  
  29  3:04  SCV  
  29  3:28  Reaper x2  
  31  4:09  Barracks Tech Lab x2  
  29  4:10  Barracks Reactor  
  29  4:15  SCV  
  30  4:27  SCV  
  31  4:31  Factory  
  31  4:35  Barracks  
  31  4:39  SCV  
  31  4:41  SCV  
  33  4:51  SCV  
  34  4:53  SCV  
  35  5:04  SCV  
  35  5:06  Marine x2, Marauder x2  
  40  5:12  SCV  
  41  5:16  Factory Reactor  
  41  5:21  SCV  
  41  5:22  Starport  
  41  5:24  Marine, SCV  
  41  5:25  Marine, Refinery  
  41  5:27  Marine, Stimpack, Combat Shields  
  46  5:31  Supply Depot  
  46  5:34  Supply Depot  
  46  5:35  Supply Depot  
  46  5:37  Supply Depot  
  46  5:42  Orbital Command x2  
  46  5:46  Barracks Tech Lab  
  46  5:52  Marine  
  47  6:04  Medivac x2  
  47  6:07  Marine x2, Marauder x2  
  47  6:10  Marine  
  58  6:12  SCV  
  58  6:15  Refinery  
  58  6:17  SCV  
  60  6:25  Marine x2  
  62  6:28  Marine x2, Marauder  
  66  6:34  Medivac x2  
  66  6:37  Supply Depot  
  70  6:42  Marine  
  70  6:43  Marine  
  70  6:46  Marauder x2  
  76  6:48  Concussive Shells  
  76  6:49  Marine  
  76  6:52  SCV  
  78  6:55  Supply Depot  
  78  6:58  SCV, Supply Depot  
  78  7:00  Marine x2  
  81  7:04  SCV, Supply Depot  
  81  7:07  Marine x2  
  84  7:25  SCV x2  
  84  7:27  Marine x4  
  84  7:28  Marauder  
  92  7:31  Medivac  
  94  7:37  SCV x2  
  95  7:45  Marine  
  95  7:46  Marauder x2  
  95  7:49  SCV  
Show
View Real Time Build Order
Export as new Build Order

Fropez Protoss 

Build Orders:  

Get SALT Encoding   

  12  0:01  Probe (Chrono Boost)  
  13  0:17  Pylon  
  13  0:18  Probe (Chrono Boost)  
  15  0:28  Probe (Chrono Boost)  
  15  0:35  Gateway  
  15  0:41  Probe (Chrono Boost)  
  16  0:48  Assimilator  
  16  0:52  Probe (Chrono Boost)  
  17  1:00  Pylon  
  17  1:02  Probe (Chrono Boost)  
  18  1:13  Probe (Chrono Boost)  
  19  1:23  Probe (Chrono Boost)  
  19  1:24  Cybernetics Core  
  20  1:35  Probe (Chrono Boost)  
  20  1:36  Pylon  
  21  1:45  Probe (Chrono Boost)  
  22  1:54  Pylon  
  22  2:03  Probe (Chrono Boost)  
  22  2:04  Warp Gate (Chrono Boost)  
  23  2:14  Mothership Core (Chrono Boost)  
  25  2:15  Assimilator  
  25  2:22  Forge  
  25  2:32  Probe (Chrono Boost)  
  25  2:42  Stalker  
  25  2:43  Probe  
  28  3:00  Pylon  
  27  3:24  Stalker  
  29  3:38  Gateway  
  26  4:04  Pylon  
  26  4:11  Protoss Ground Weapons Level 1 (Chrono Boost)  
  26  4:16  Gateway  
  26  4:17  Pylon  
  26  4:21  Gateway  
  26  4:29  Nexus  
  26  4:33  Photon Cannon  
  26  4:35  Gateway  
  26  4:36  Probe  
  27  4:47  Stalker  
  27  4:52  Sentry  
  30  5:12  Stalker  
  30  5:13  Probe  
  33  5:25  Twilight Council, Probe  
  34  5:30  Sentry  
  36  5:37  Probe  
  36  5:40  Probe  
  38  5:49  Probe  
  39  5:50  Probe  
  40  6:02  Probe, Gateway  
  40  6:03  Pylon  
  41  6:05  Probe  
  42  6:11  Blink  
  42  6:15  Probe  
  43  6:21  Sentry x2  
  43  6:22  Sentry  
  49  6:32  Gateway  
  49  6:42  Pylon  
  49  6:55  Assimilator  
  49  6:57  Protoss Ground Weapons Level 2 (Chrono Boost)  
  49  6:58  Assimilator  
  49  7:01  Probe  
  49  7:05  Pylon  
  50  7:12  Stalker x2  
  54  7:16  Probe x2  
  56  7:26  Probe  
  56  7:28  Probe  
  58  7:34  Pylon  
  58  7:37  Probe, Photon Cannon  
  59  7:54  Probe, Photon Cannon  
  59  7:55  Probe, Gateway  
  59  8:01  Photon Cannon  
  53  8:25  Stalker  
  53  8:26  Stalker x4  
  40  8:41  Sentry  
  40  8:42  Sentry  
Tags
 
Composition
MMM Bio
Matchup
PvT
Replay Pack
All Mines
Spawn Locations
Cross Positions
Add a new tag
Caveats
  • Supply blocks, unpowered buildings, or Contaminate may cause inaccurate times.
  • Supply counts are checked every 10 seconds.